Map: Abyssal Reef LE

Players

Semper - Winner!

  • Race: Terran Terran
  • Spawn Location: 5:00

Expect

  • Race: Terran Terran
  • Spawn Location: 11:00

Event: WCS Montreal 2017

VOD

Have the link to the VOD?

Description

Time

  • Played on: Sept. 8, 2017, 7:13 p.m.
  • Length: 18:17

All games in this series

Show
View Real Time Build Order
Export as new Build Order

Semper Terran - Winner!

Build Orders: Cyclone Opening, Gas First Reaper Expand, Reaper Expand, Bio Tank 

Get SALT Encoding   

  12  0:00  SCV  
  13  0:12  SCV  
  14  0:17  Supply Depot  
  14  0:25  SCV  
  14  0:27  Refinery  
  15  0:38  SCV  
  16  0:44  Barracks  
  16  0:50  SCV  
  17  1:02  SCV  
  18  1:15  SCV  
  19  1:31  Orbital Command  
  19  1:32  Reaper  
  20  1:45  Command Center  
  20  1:57  Factory  
  20  1:59  SCV  
  21  2:05  Barracks Reactor  
  21  2:10  Refinery  
  21  2:12  SCV  
  22  2:19  Supply Depot  
  22  2:24  SCV  
  23  2:41  SCV  
  23  2:42  Marine x2  
  23  2:43  Cyclone  
  28  2:54  SCV  
  29  3:01  Marine x2  
  29  3:05  Starport  
  31  3:08  SCV  
  31  3:09  Orbital Command  
  32  3:20  SCV  
  32  3:21  Marine x2  
  35  3:32  Supply Depot, SCV  
  36  3:36  Cyclone  
  36  3:37  SCV  
  39  3:43  Marine  
  39  3:44  SCV  
  40  3:49  SCV  
  41  3:56  SCV  
  41  4:01  SCV  
  43  4:04  Viking  
  43  4:09  SCV  
  45  4:13  Marine x2, SCV  
  45  4:17  Supply Depot  
  48  4:20  Engineering Bay  
  48  4:23  SCV  
  49  4:29  SCV  
  50  4:33  Factory Tech Lab  
  50  4:35  SCV  
  51  4:41  SCV  
  51  4:44  Starport Tech Lab  
  52  4:48  SCV  
  53  4:53  SCV  
  54  5:00  SCV  
  54  5:02  Command Center  
  54  5:05  Siege Tank  
  54  5:06  SCV  
  59  5:10  Raven  
  61  5:15  Supply Depot  
  61  5:17  SCV  
  62  5:22  Supply Depot  
  62  5:31  Missile Turret  
  62  5:37  Siege Tank, SCV x2  
  62  5:39  Refinery  
  62  5:41  Refinery  
  67  5:45  Supply Depot  
  67  5:46  Barracks Tech Lab  
  67  5:49  SCV x2  
  69  6:01  SCV x2, Starport Reactor  
  69  6:02  Barracks  
  69  6:03  Barracks  
  71  6:13  SCV  
  71  6:15  Marine  
  71  6:17  Siege Tank  
  75  6:20  SCV  
  75  6:26  Orbital Command, SCV  
  75  6:32  Stimpack  
  75  6:33  Marine, SCV  
  75  6:36  Engineering Bay x2  
  75  6:38  SCV  
  76  6:45  SCV  
  73  6:51  Marine, SCV  
  73  6:52  Orbital Command  
  73  6:53  Starport Reactor  
  75  6:57  SCV  
  75  6:58  Siege Tank  
  78  7:03  SCV, Terran Infantry Armor Level 1, Terran Infantry Weapons Level 1  
  78  7:04  Marine x2  
  81  7:09  SCV  
  81  7:14  Marine  
  81  7:15  SCV  
  84  7:18  Barracks  
  84  7:19  SCV  
  84  7:21  Barracks, SCV  
  86  7:27  SCV  
  87  7:30  Medivac  
  87  7:31  Medivac, SCV, Missile Turret  
  87  7:33  SCV  
  93  7:39  Marine x2, SCV  
  93  7:43  SCV  
  97  7:45  SCV  
  97  7:46  Marine x2  
  97  7:48  Siege Tank  
  93  7:51  SCV  
  93  7:55  SCV  
  93  7:57  Marine  
  92  8:00  SCV  
  92  8:03  Marine x2  
  85  8:08  SCV  
  85  8:10  SCV  
  85  8:12  Sensor Tower, SCV  
  88  8:16  Armory  
  88  8:20  Marine x2  
  88  8:21  Barracks Reactor x2  
  88  8:22  Siege Tank  
  88  8:25  SCV  
  88  8:26  SCV  
  95  8:29  Refinery  
  95  8:30  SCV, Refinery  
  95  8:31  Sensor Tower  
  95  8:32  Marine x3  
  99  8:35  Supply Depot x2  
  99  8:37  Combat Shields  
  99  8:38  Marine, SCV  
  101  8:46  SCV  
  100  8:55  SCV  
  98  8:56  Marine x2  
  98  9:00  SCV  
  94  9:03  Marine  
  94  9:06  SCV  
  94  9:07  Marine  
  94  9:08  Siege Tank  
  91  9:14  Marine  
  91  9:15  Marine x5  
  91  9:16  Medivac x2  
  100  9:17  SCV  
  100  9:18  SCV x2  
  100  9:20  Factory  
  103  9:25  Marine x3  
  103  9:30  Sensor Tower, SCV x3  
  109  9:32  Marine  
  109  9:33  Marine x2  
  109  9:37  Terran Infantry Weapons Level 2  
  112  9:39  Marine x2  
  112  9:42  SCV  
  112  9:43  Marine x2  
  117  9:49  Marine x2  
  117  9:50  Supply Depot  
  117  9:52  Supply Depot  
  117  9:57  Marine x2  
  119  10:01  Siege Tank  
  119  10:02  Marine x3  
  125  10:10  Missile Turret  
  125  10:11  Marine x2, Missile Turret  
  125  10:13  Factory Tech Lab  
  127  10:17  Marine x2  
  127  10:18  Supply Depot  
  127  10:21  Missile Turret  
  127  10:33  Siege Tank  
  125  10:38  Siege Tank  
  125  10:39  Marine  
  125  10:40  Marine  
  125  10:41  Command Center, Marine x2  
  125  10:42  Marine  
  133  10:45  Marine  
  133  10:48  Marine  
  132  10:51  Marine  
  120  11:01  Marine x6  
  120  11:02  Medivac x2  
  120  11:03  Marine  
  131  11:08  SCV x2  
  131  11:09  SCV  
  134  11:18  Terran Infantry Armor Level 2  
  134  11:21  Marine  
  134  11:22  Marine x6  
  134  11:23  Siege Tank  
  134  11:24  Marine x2  
  137  11:39  Marine x2  
  128  11:42  Siege Tank  
  128  11:44  Marine x3  
  128  11:45  Medivac, Marine x4  
  128  11:46  Medivac  
  143  11:48  SCV x2  
  145  11:57  Marine  
  142  12:03  Siege Tank  
  142  12:06  Marine x4  
  142  12:07  Marine, Planetary Fortress  
  143  12:10  Sensor Tower  
  143  12:11  Marine x2, Refinery x2  
  143  12:15  Siege Tank, Marine  
  148  12:16  Marine  
  150  12:24  Marine x3  
  150  12:29  Marine  
  154  12:32  Medivac x2  
  154  12:36  Marine  
  154  12:37  Marine x4  
  159  12:41  Marine  
  164  12:47  Supply Depot  
  164  12:49  Supply Depot x2  
  164  12:50  Terran Infantry Weapons Level 3  
  164  12:53  Marine  
  164  12:54  Marine x2  
  164  12:55  Siege Tank, Marine  
  164  13:09  Viking x2, Siege Tank  
  171  13:12  Supply Depot x2  
  169  13:25  Marine  
  164  13:28  Siege Tank  
  164  13:30  Marine  
  164  13:31  Marine x7  
  164  13:32  Liberator  
  143  13:37  Terran Infantry Armor Level 3  
  143  13:43  Marine  
  143  13:44  Siege Tank  
  147  13:48  Marine x3  
  147  13:49  Marine x4  
  147  13:50  Liberator  
  147  13:53  Marine  
  158  14:04  Command Center, Siege Tank  
  158  14:09  Marine  
  153  14:23  Marine x8  
  158  14:27  Marine  
  159  14:35  Medivac  
  159  14:37  Siege Tank  
  164  14:41  Marine x4  
  164  14:42  Barracks  
  164  14:43  Terran Vehicle Weapons Level 1  
  164  14:45  Barracks  
  165  14:49  Siege Tank  
  165  14:52  Marine  
  162  14:53  Marine x4  
  165  15:00  Marine x2  
  167  15:09  Siege Tank  
  165  15:16  Marine  
  165  15:18  Marine  
  136  15:21  Siege Tank, Marine  
  136  15:24  Marine x2  
  136  15:25  Marine x4  
  130  15:34  Marine  
  130  15:35  SCV x2  
  132  15:36  Marine  
  132  15:39  Marine  
  132  15:41  Siege Tank, Marine  
  132  15:42  Marine x2  
  139  15:43  Marine x3  
  143  15:52  Marine  
  143  15:53  Siege Tank  
  143  15:55  Marine  
  148  15:57  Marine, Planetary Fortress  
  148  16:01  Refinery  
  148  16:02  Sensor Tower  
  148  16:04  Marine x3  
  150  16:05  Marine  
  150  16:06  Marine  
  148  16:12  Marine  
  148  16:13  Siege Tank  
  150  16:22  Marine x5  
  150  16:23  Marine x2  
  157  16:26  Siege Tank  
  157  16:27  Marine  
  157  16:29  Liberator x2  
  157  16:30  Marine  
  161  16:39  Marine  
  156  16:40  Marine x2  
  156  16:45  Command Center, Siege Tank  
  167  16:52  Marine  
  167  16:53  Marine  
  169  16:54  Starport  
  169  16:58  Siege Tank  
  169  17:01  Marine  
  173  17:09  Marine x2  
  173  17:10  Marine x6  
  173  17:12  Liberator x2  
  181  17:17  Siege Tank  
  170  17:26  Marine  
  170  17:27  Marine x6  
  179  17:30  Siege Tank, Barracks Reactor x2  
  179  17:31  Starport Tech Lab  
  179  17:34  Fusion Core  
  182  17:38  Marine x2  
  187  17:53  Marine  
Show
View Real Time Build Order
Export as new Build Order

Expect Terran 

Build Orders: 1/1/1, Cyclone Opening, Bio Tank 

Get SALT Encoding   

  12  0:00  SCV  
  13  0:13  SCV  
  14  0:17  Supply Depot  
  14  0:25  SCV  
  14  0:28  Refinery  
  15  0:39  SCV  
  16  0:45  Barracks  
  16  0:51  SCV  
  16  0:55  Refinery  
  17  1:03  SCV  
  18  1:15  SCV  
  19  1:31  Orbital Command  
  19  1:32  Reaper  
  20  1:35  Factory  
  20  1:48  Supply Depot  
  20  1:57  SCV  
  21  2:04  Reaper  
  22  2:09  SCV  
  23  2:18  Cyclone  
  23  2:20  Starport  
  26  2:25  SCV  
  27  2:31  Supply Depot  
  27  2:37  SCV  
  27  2:42  Barracks Tech Lab  
  28  2:49  SCV  
  31  3:09  Banshee  
  31  3:12  SCV  
  35  3:13  Cloaking Field  
  35  3:15  Barracks Reactor  
  35  3:16  Factory Tech Lab  
  32  3:28  Command Center  
  32  3:43  SCV  
  33  3:52  Banshee  
  33  3:54  Marine x2  
  38  4:04  Supply Depot  
  38  4:07  SCV  
  38  4:09  Siege Tank  
  41  4:14  Marine x2  
  43  4:20  SCV  
  41  4:34  Marine x2, SCV  
  41  4:38  Banshee  
  47  4:42  Orbital Command  
  47  4:47  Siege Tank  
  47  4:49  SCV  
  51  5:00  Marine x2  
  53  5:08  SCV x2  
  55  5:20  SCV x2  
  57  5:32  SCV  
  57  5:34  Barracks x2, SCV  
  57  5:35  Starport Reactor  
  59  5:41  Command Center, Marine  
  60  5:43  Siege Tank  
  60  5:47  SCV x2  
  65  5:51  Supply Depot  
  65  5:57  Supply Depot  
  65  6:01  SCV x2, Engineering Bay  
  67  6:08  Engineering Bay  
  67  6:15  SCV x2  
  67  6:16  Marine  
  70  6:18  Stimpack  
  70  6:26  Starport Reactor  
  70  6:27  SCV  
  70  6:28  SCV  
  70  6:30  Terran Infantry Weapons Level 1  
  70  6:31  Refinery  
  72  6:33  Refinery  
  72  6:36  Terran Infantry Armor Level 1  
  72  6:44  Marine x3  
  75  6:48  SCV x2  
  75  6:50  Marine  
  75  6:51  Marine  
  76  6:59  Orbital Command  
  76  7:03  Medivac x2  
  76  7:05  Marine x3  
  83  7:08  Marine x2  
  83  7:11  Barracks  
  83  7:12  Barracks, Siege Tank  
  83  7:14  SCV  
  83  7:15  SCV  
  90  7:23  Supply Depot x2  
  90  7:25  Marine  
  90  7:26  Marine x4  
  90  7:29  SCV  
  96  7:35  Orbital Command  
  96  7:39  Medivac x2  
  97  7:44  SCV x2  
  97  7:48  Marine x5  
  97  7:50  Siege Tank  
  89  8:09  Barracks Reactor x2  
  89  8:10  Marine x5  
  89  8:12  SCV x3  
  97  8:20  Armory  
  97  8:24  SCV x2  
  99  8:27  Marine  
  99  8:28  Combat Shields, Marine x4  
  99  8:29  Medivac  
  99  8:30  Medivac  
  99  8:32  SCV  
  109  8:34  Refinery  
  109  8:35  Refinery  
  109  8:36  SCV x2  
  111  8:45  Marine x2  
  111  8:46  Marine x3  
  116  8:53  Marine  
  117  8:57  Siege Tank  
  117  9:02  Marine x3  
  109  9:03  Marine x2  
  109  9:05  Marine x2  
  107  9:15  Medivac  
  107  9:16  Medivac, Marine x2  
  104  9:20  Marine x3, SCV x3  
  104  9:21  Marine x2  
  104  9:22  Marine  
  104  9:23  Marine  
  112  9:26  Terran Infantry Weapons Level 2  
  112  9:29  Command Center  
  112  9:30  Siege Tank  
  115  9:34  Marine, Terran Infantry Armor Level 2  
  115  9:36  Barracks  
  115  9:37  SCV  
  117  9:39  Barracks  
  117  9:58  Supply Depot x2, Medivac x2, Marine x3  
  117  9:59  Supply Depot, SCV  
  125  10:04  Sensor Tower  
  125  10:14  Sensor Tower  
  125  10:20  Siege Tank, Marine x9, SCV x3  
  140  10:23  Terran Vehicle Weapons Level 1  
  140  10:25  Factory  
  139  10:32  SCV  
  135  10:36  Barracks Reactor x2  
  135  10:37  Marine x5  
  135  10:41  Planetary Fortress  
  138  10:46  Marine, Missile Turret  
  133  10:50  Medivac  
  133  10:52  Siege Tank  
  116  10:57  Marine x2  
  116  10:58  Marine x6  
  124  11:06  Medivac  
  124  11:07  Marine  
  124  11:09  Factory Tech Lab  
  127  11:15  Marine x2  
  127  11:16  Marine x2  
  131  11:19  Marine x4  
  131  11:21  Marine x2  
  131  11:24  Siege Tank  
  131  11:25  Marine x2  
  142  11:27  Liberator x2  
  123  11:33  Marine x2  
  123  11:36  Marine x3  
  123  11:38  Marine x4  
  123  11:39  Siege Tank, Marine  
  119  11:44  Marine  
  119  11:45  Marine x2  
  128  11:50  Marine  
  128  11:51  Marine  
  130  11:54  Marine x3  
  130  11:56  Siege Tank, Marine x2  
  130  11:59  Marine x2  
  138  12:05  Marine x4  
  129  12:08  Marine  
  129  12:09  Marine  
  129  12:11  Siege Tank  
  129  12:12  Marine x3  
  129  12:13  Marine  
  129  12:14  Marine  
  139  12:17  Marine x2  
  139  12:21  Terran Infantry Weapons Level 3  
  141  12:23  Marine x2, Terran Infantry Armor Level 3  
  141  12:28  Siege Tank  
  141  12:48  Siege Tank, Marine x3  
  141  12:49  Marine  
  148  12:51  SCV x2  
  150  13:00  Siege Tank  
  150  13:05  Marine x3  
  155  13:09  SCV  
  155  13:10  SCV  
  155  13:11  SCV x2  
  160  13:18  Sensor Tower  
  157  13:20  Siege Tank  
  157  13:21  SCV  
  157  13:22  Marine x2  
  157  13:28  Marine  
  157  13:32  Marine x2  
  157  13:33  Siege Tank  
  144  13:34  Medivac  
  144  13:35  Medivac  
  148  13:44  Marine  
  148  13:46  Marine x4  
  148  13:48  Orbital Command  
  153  13:51  Marine x2  
  153  13:52  Siege Tank, Marine  
  153  13:53  Marine x2  
  161  13:56  Marine  
  161  13:57  Marine x2  
  164  14:07  Siege Tank, Marine x5  
  142  14:17  Marine x2  
  142  14:18  Marine x4  
  142  14:20  Marine x2  
  127  14:24  Siege Tank  
  127  14:25  Marine  
  127  14:28  Medivac x2  
  135  14:36  Refinery  
  135  14:37  Marine, Refinery  
  135  14:38  Marine x8  
  138  14:39  Siege Tank, Marine  
  138  14:41  Marine x2  
  138  14:44  Marine  
  138  14:55  Marine  
  138  14:56  Marine x5  
  144  15:00  Marine  
  144  15:02  Siege Tank, Marine x3  
  144  15:03  Marine  
  144  15:04  Marine x2  
  154  15:13  Marine x3  
  154  15:14  Marine  
  130  15:18  SCV x2  
  130  15:21  Marine x3  
  103  15:25  Marine x3  
  103  15:27  Marine x3  
  102  15:29  SCV x2  
  102  15:30  SCV x2  
  102  15:31  Marine x2  
  108  15:37  Medivac x2, Marine  
  108  15:38  Marine  
  108  15:39  Marine x3  
  117  15:42  Marine  
  117  15:43  Terran Vehicle Weapons Level 2, Marine x2  
  117  15:49  SCV x4  
  124  16:06  Marine x2  
  124  16:08  Medivac  
  124  16:09  Medivac, Siege Tank  
  124  16:10  Marine x2  
  124  16:11  Marine  
  133  16:19  SCV x2  
  133  16:23  Marine  
  133  16:24  Marine x6  
  133  16:25  Marine x2  
  143  16:32  Siege Tank  
  145  16:41  Siege Tank  
  145  16:46  SCV x2  
  145  16:47  SCV  
  149  16:48  SCV  
  149  16:51  Marine x2  
  149  16:53  Marine x2  
  154  16:55  Marine  
  154  16:58  Marine x3  
  152  17:03  Marine x2  
  152  17:04  Siege Tank  
  152  17:05  Medivac x2  
  125  17:28  Marine x3  
  125  17:29  Siege Tank, Marine  
  124  17:30  Marine x2  
  124  17:31  Marine  
  124  17:33  Marine x2  
  124  17:34  Marine x4  
  124  17:35  Medivac x2  
  124  17:36  Siege Tank  
  140  17:40  Sensor Tower  
  140  17:46  Marine x3, SCV x2  
  140  17:47  Marine, SCV x2  
  140  17:48  Marine x2  
  149  17:57  Marine x3  
  149  17:58  Marine x2  
Tags
 
Add a new tag
Caveats
  • Supply blocks, unpowered buildings, or Contaminate may cause inaccurate times.
  • Supply counts are checked every 10 seconds.